Map: Altitude LE

Players

grillbottom - Winner!

  • Race: Terran Terran
  • League: Silver
  • Spawn Location: 1:00

oktopica

  • Race: Protoss Protoss
  • Spawn Location: 7:00

VOD

Have the link to the VOD?

Description

Time

  • Played on: Feb. 11, 2023, 7:27 a.m.
  • Length: 10:43
Show
View Real Time Build Order
Export as new Build Order

grillbottom Terran - Winner!

Build Orders:  

Get SALT Encoding   

  12  0:00  SCV  
  13  0:18  SCV, Supply Depot  
  14  0:30  SCV  
  15  0:42  Barracks, SCV  
  16  0:50  Refinery  
  16  0:54  SCV  
  17  1:06  SCV  
  19  1:28  Orbital Command  
  19  1:29  Marine  
  19  1:30  Supply Depot  
  19  1:47  Marine  
  20  2:00  SCV  
  21  2:07  Barracks  
  21  2:08  Barracks  
  22  2:11  Barracks Reactor  
  21  2:18  SCV  
  22  2:30  SCV  
  22  2:33  Bunker  
  22  2:34  Command Center  
  23  2:42  SCV  
  24  2:47  Marine x2  
  26  2:54  SCV  
  26  2:56  Barracks Tech Lab  
  27  3:04  Supply Depot  
  27  3:05  Barracks Tech Lab  
  27  3:06  SCV  
  28  3:14  Marine  
  28  3:15  Marine  
  28  3:19  Stimpack  
  30  3:26  Marauder  
  32  3:27  Concussive Shells  
  32  3:33  Engineering Bay  
  32  3:37  Marine  
  32  3:38  Marine, Supply Depot  
  34  3:44  Marauder  
  36  3:55  Marine  
  36  3:56  Marauder  
  36  4:01  Marine  
  40  4:04  Marine  
  41  4:10  SCV  
  41  4:14  Combat Shield  
  41  4:16  Marine  
  43  4:17  Marauder  
  43  4:19  Marine  
  43  4:23  Marauder  
  48  4:26  SCV  
  48  4:27  SCV  
  50  4:33  Marine  
  51  4:38  Marine  
  51  4:39  Marauder  
  51  4:41  SCV x2  
  51  4:44  Marauder  
  58  4:53  SCV x2  
  58  4:57  Refinery x2  
  58  4:58  Marine  
  61  5:00  Marine  
  62  5:11  Supply Depot  
  62  5:15  Supply Depot  
  62  5:23  Marine  
  62  5:25  Marine  
  62  5:26  Marine, SCV  
  62  5:28  Marine  
  62  5:30  SCV  
  57  5:38  Terran Infantry Weapons Level 1  
  57  5:41  Marine  
  57  5:42  SCV  
  57  5:43  Marine  
  57  5:46  Marauder  
  57  5:49  Orbital Command  
  59  5:54  Marine, Barracks, SCV  
  61  6:00  Marine, Marauder  
  64  6:06  SCV  
  64  6:07  Barracks  
  65  6:15  Factory  
  65  6:21  Marine, SCV x2  
  65  6:22  Marine, Marauder  
  65  6:24  Marauder  
  73  6:33  SCV x2  
  75  6:43  Marine x2  
  75  6:44  Marine  
  78  7:08  Supply Depot x2  
  78  7:10  Supply Depot  
  78  7:20  Starport  
  78  7:22  Command Center  
  78  7:29  Marine x5, SCV x2  
  87  7:30  Marauder, Widow Mine  
  87  7:33  Missile Turret  
  89  7:42  SCV x2, Missile Turret  
  91  7:47  Marine x4  
  95  7:57  Starport Reactor  
  95  8:02  SCV x2, Missile Turret  
  94  8:23  Missile Turret  
  94  8:26  Marine x6  
  94  8:28  SCV x2, Widow Mine  
  99  8:40  SCV  
  100  8:44  Marine  
  101  8:49  Marine x5, Widow Mine  
  101  8:50  SCV x2  
  101  8:52  Medivac x2  
  114  8:58  Supply Depot  
  114  9:00  Supply Depot  
  114  9:02  Marine, Planetary Fortress  
  115  9:26  Marine  
  115  9:27  Marine x5  
  115  9:28  Hellion  
  115  9:29  Medivac x2  
  127  9:44  Marine x2  
  129  9:50  Marine x2, Hellion  
  133  9:56  Supply Depot  
  133  9:59  Supply Depot  
  133  10:00  Supply Depot  
  133  10:17  Marine x3  
Show
View Real Time Build Order
Export as new Build Order

oktopica Protoss 

Build Orders:  

Get SALT Encoding   

  12  0:00  Probe  
  13  0:17  Pylon  
  13  0:19  Probe  
  14  0:31  Probe  
  15  0:37  Gateway  
  15  0:51  Pylon  
  15  0:59  Forge  
  15  1:25  Zealot  
  17  2:24  Assimilator  
  17  2:27  Assimilator  
  17  2:29  Probe  
  18  2:31  Zealot  
  20  2:41  Probe  
  21  2:53  Probe  
  22  2:58  Zealot  
  22  3:05  Probe  
  24  3:17  Probe  
  25  3:26  Zealot  
  27  3:42  Photon Cannon  
  27  3:53  Zealot  
  27  3:54  Protoss Ground Weapons Level 1  
  29  4:13  Cybernetics Core  
  29  4:20  Zealot  
  31  4:46  Pylon  
  31  4:49  Pylon  
  31  4:53  Pylon  
  31  4:59  Pylon  
  31  5:02  Twilight Council  
  31  5:04  Zealot, Probe  
  31  5:06  Shield Battery  
  34  5:18  Probe  
  34  5:31  Zealot  
  30  5:42  Charge  
  30  5:58  Zealot, Probe  
  32  6:23  Protoss Air Weapons Level 1  
  34  6:34  Sentry  
  34  6:58  Zealot  
  36  7:25  Zealot  
  38  7:30  Gateway  
  38  7:53  Zealot  
  40  8:06  Gateway  
  30  8:20  Zealot  
  30  8:25  Zealot  
  7  8:58  Nexus  
  5  9:07  Pylon  
  1  9:25  Assimilator  
  1  9:29  Assimilator  
  1  10:10  Probe  
  2  10:22  Probe  
Tags
 
League
Silver
Matchup
PvT
Spawn Locations
Cross Positions
Add a new tag
Caveats
  • Supply blocks, unpowered buildings, or Contaminate may cause inaccurate times.
  • Supply counts are checked every 10 seconds.